 Dungeon Crawl Stone Soup version 0.19.1-1-g22dce08 (webtiles) character file.

2101 Alarkh the Cleaver (level 9, -9/63 HPs)
             Began as a Demonspawn Skald on Jan 4, 2017.
             Was a Follower of Dithmenos.
             Mangled by a hornet (14 damage)
             ... on level 8 of the Dungeon.
             The game lasted 00:11:44 (7555 turns).

Alarkh the Cleaver (Demonspawn Skald)               Turns: 7555, Time: 00:11:45

Health: -9/63      AC:  8    Str: 18    XL:     9   Next: 7%
Magic:  12/12      EV: 10    Int: 20    God:    Dithmenos [*.....]
Gold:   381        SH:  0    Dex: 13    Spells: 1 memorised, 11 levels left

rFire  . . .     SeeInvis .     E - +0 battleaxe (freeze)
rCold  . . .     Gourm    .     p - +0 ring mail
rNeg   . . .     Faith    .     (shield currently unavailable)
rPois  .         Spirit   .     (helmet restricted)
rElec  .         Reflect  .     i - +0 cloak
rCorr  +         Harm     .     (no gloves)
MR     .....     Rnd*Rage +     (no boots)
Stlth  ..........               r - amulet of regeneration
                                (no ring)
                                m - ring of resist corrosion

@: mighty, lethally poisoned (-9 -> -25), about to teleport, slowed, wreathed by
umbra, heavily drained, very slow
A: hooves 1, horns 1, molten scales 1, berserk 1, clever 2, powered by death 1,
powered by pain 2
a: Renounce Religion


You were on level 8 of the Dungeon.
You worshipped Dithmenos.
Dithmenos was aware of your devotion.
You were hungry.

You visited 2 branches of the dungeon, and saw 9 of its levels.

You collected 381 gold pieces.

Inventory:

Hand Weapons
 a - a +0 hand axe
 E - a +0 battleaxe of freezing (weapon)
 P - a +2 trident of venom
Armour
 i - a +0 cloak (worn)
 p - a +0 ring mail (worn)
 t - the +2 shield "Sosehifi" {MR+ Str+5 Dex+4}
   (You found it on level 5 of the Dungeon)

   It affects your strength (+5).
   It affects your dexterity (+4).
   It affects your resistance to hostile enchantments.
 v - a +2 animal skin
 w - a +2 helmet
 y - a +1 hat of magic resistance
 z - the +1 robe of the Sparrow {rElec Int+3 Slay-3}
   (You found it on level 5 of the Dungeon)

   It affects your intelligence (+3).
   It affects your accuracy and damage with ranged weapons and melee attacks
   (-3).
   It insulates you from electricity.
Jewellery
 b - an uncursed ring of fire
 m - a ring of resist corrosion (left hand)
 r - an amulet of regeneration (around neck)
 K - an uncursed amulet of harm
Wands
 o - a wand of hasting (6/9)
 F - a wand of lightning (5/15)
 H - a wand of slowing (23/48)
 M - a wand of paralysis (15/24)
 R - a wand of enslavement (16/24)
Scrolls
 e - a scroll of identify
 f - a scroll of silence
 g - a scroll of amnesia
 h - 2 scrolls of random uselessness
 j - 3 scrolls of magic mapping
 s - a scroll of immolation
 x - a scroll of noise
 A - a scroll of enchant weapon {unknown}
 B - a scroll of acquirement
 C - a scroll of fog {unknown}
 D - a scroll of torment {unknown}
 L - 3 scrolls of remove curse
 O - a scroll of enchant armour
Potions
 n - a potion of flight
 u - a potion of agility
 N - a potion of magic
 Q - a potion of might
Books
 c - a book of Battle

   Spells                             Type                      Level
   a - Infusion                       Charms                       1
   b - Shroud of Golubria             Charms/Translocation         2
   c - Song of Slaying                Charms                       2
   d - Spectral Weapon                Hexes/Charms                 3
   e - Regeneration                   Charms/Necromancy            3
 l - a book of Air

   Spells                             Type                      Level
   a - Shock                          Conjuration/Air              1
   b - Swiftness                      Charms/Air                   2
   c - Repel Missiles                 Charms/Air                   2
   d - Static Discharge               Conjuration/Air              3
   e - Lightning Bolt                 Conjuration/Air              5
 G - a book of Debilitation

   Spells                             Type                      Level
   a - Corona                         Hexes                        1
   b - Slow                           Hexes                        2
   c - Gell's Gravitas                Hexes/Translocation          3
   d - Inner Flame                    Hexes/Fire                   3
   e - Cause Fear                     Hexes                        4
   f - Leda's Liquefaction            Hexes/Earth                  4
Comestibles
 d - 6 bread rations
 k - 4 meat rations
 I - a slice of pizza
 T - a beef jerky


   Skills:
 + Level 3.0(1.4) Fighting
 * Level 10.4(8.4) Axes
 + Level 2.0(0.4) Armour
 + Level 2.0(0.4) Dodging
 - Level 2.0(0.4) Spellcasting
 - Level 2.6(1.0) Charms


You had 11 spell levels left.
You knew the following spells:

 Your Spells              Type           Power        Failure   Level  Hunger
a - Infusion              Chrm           #...         24%         1    ##.....


Dungeon Overview and Level Annotations

Branches:
Dungeon (8/15)             Temple (1/1) D:5
   Lair: D:8-11

Altars:
Ashenzari
Cheibriados
Dithmenos
Elyvilon
Fedhas
Gozag
Hepliaklqana
Kikubaaqudgha
Makhleb
Nemelex Xobeh
Okawaru
Qazlal
Ru
Sif Muna
Trog
Uskayaw
Vehumet
Xom
Yredelemnul
Zin
The Shining One


Innate Abilities, Weirdness & Mutations

You have a pair of small horns on your head.
You are partially covered in molten scales. (AC +2)
You regenerate a little health from kills.
You sometimes gain power by taking damage.
You have large cloven feet.
You tend to lose your temper in combat.
Your mind is very acute. (Int +4)


Message History

You feel as though you will be slow longer.
The hornet stings you.
You are more poisoned.
You feel as though you will be slow longer.
As you read the scroll of teleportation, it crumbles to dust.
You feel strangely unstable.
You feel very sick. The hornet stings you.
* * * LOW HITPOINT WARNING * * *
You feel as though you will be slow longer.
The hornet misses you. The hornet stings you!
* * * LOW HITPOINT WARNING * * *
You feel as though you will be slow longer.
Unknown command.
It was a potion of mutation.
You feel extremely strange.
You feel clever. x2; You feel a little pissed off.
* * * LOW HITPOINT WARNING * * *
You feel very sick. The hornet misses you. The hornet stings you!
You die...

#.### ##.....##
#.##.# #.######
##...## #.##.#
#......# ##+# #....#
######.# #.# #..#.#
#.# #.# #..#.# #.#
##.## #.>#.# #.#
##.[.## #....# #.#
#..y..########.###
#.#####.@.##........#
#........###.#####..#
########............#
#.###.#####.## #.#
#.# #.# #.#
#.#####.##### #.#
#...........# #.#
###.#######.# #.# #.#
#.#


You could see a hornet.

Vanquished Creatures
  Pikel (Temple)
  Sigmund (D:4)
  2 sky beasts (D:7)
  An ogre (D:4)
  2 centaurs
  2 bullfrogs
  2 scorpions (D:5)
  4 electric eels (D:6)
  2 howler monkeys (D:8)
  A jelly (D:6)
  A crimson imp (D:6)
  A bullfrog zombie (D:5)
  5 hounds
  An orc wizard (D:4)
  Natasha (D:3)
  2 worker ants
  A worker ant zombie (D:5)
  The ghost of Yoshimo the Vexing, a weakling FeEn (D:3)
  Robin (D:4)
  3 gnolls (D:4)
  4 river rats (D:5)
  8 adders
  A shadow imp (D:6)
  An ooze (D:2)
  An adder skeleton (D:6)
  2 worms
  2 dart slugs
  3 leopard geckos
  6 orcs
  2 ball pythons
  5 bats
  2 giant cockroaches
  16 goblins
  10 hobgoblins
  5 jackals
  3 quokkas
  6 frilled lizards
  A jackal skeleton (D:5)
  2 kobolds
  10 rats
125 creatures vanquished.

Vanquished Creatures (others)
  A centaur skeleton (D:5)
  A worker ant (D:5)
  An adder (D:5)
  3 plants
6 creatures vanquished.

Grand Total: 131 creatures vanquished

Notes
Turn   | Place    | Note
-------+----------+-------------------------------------------
     0 | D:1      | Alarkh the Demonspawn Skald began the quest for the Orb.
     0 | D:1      | Reached XP level 1. HP: 16/16 MP: 3/3
    77 | D:2      | Reached skill level 2 in Axes
   216 | D:2      | Gained mutation: You regenerate a little health from kills. [demonic ancestry]
   216 | D:2      | Reached XP level 2. HP: 20/22 MP: 0/5
   514 | D:2      | Reached skill level 3 in Axes
   777 | D:2      | Gained mutation: You are partially covered in molten scales. (AC +2) [demonic ancestry]
   777 | D:2      | Reached XP level 3. HP: 22/27 MP: 2/6
  1698 | D:3      | Found a deep blue altar of Sif Muna.
  1699 | D:3      | Found a glowing golden altar of the Shining One.
  1702 | D:3      | Found an opulent altar of Gozag.
  1702 | D:3      | Found a basalt altar of Yredelemnul.
  1702 | D:3      | Found a burning altar of Makhleb.
  1719 | D:3      | Noticed Yoshimo's ghost (weakling FeEn)
  1744 | D:3      | Killed Yoshimo's ghost
  1744 | D:3      | Reached skill level 4 in Axes
  1744 | D:3      | Gained mutation: You sometimes gain a little power by taking damage. [demonic ancestry]
  1744 | D:3      | Reached XP level 4. HP: 25/33 MP: 3/7
  1773 | D:3      | Noticed Sigmund
  1957 | D:3      | Noticed Natasha
  1966 | D:3      | Killed Natasha
  2189 | D:3      | Reached XP level 5. HP: 38/38 MP: 5/8
  2436 | D:4      | Noticed an ogre
  2447 | D:4      | Killed an ogre
  2447 | D:4      | Reached skill level 5 in Axes
  2515 | D:4      | Noticed Robin
  2541 | D:4      | Killed Robin
  2541 | D:4      | Reached XP level 6. HP: 26/44 MP: 0/9
  2610 | D:4      | Reached skill level 6 in Axes
  2847 | D:4      | Killed Sigmund
  3388 | D:4      | Reached skill level 7 in Axes
  3388 | D:4      | Gained mutation: You sometimes gain power by taking damage. [demonic ancestry]
  3388 | D:4      | Reached XP level 7. HP: 48/50 MP: 5/10
  3407 | D:5      | Entered Level 5 of the Dungeon
  3413 | D:5      | Found a staircase to the Ecumenical Temple.
  3436 | D:5      | Noticed Pikel
  3438 | Temple   | Entered the Ecumenical Temple
  3597 | Temple   | Became a worshipper of Dithmenos the Shadowed
  3628 | Temple   | Gained mutation: You have large cloven feet. [potion of beneficial mutation]
  3640 | Temple   | HP: 2/50 [Pikel/whip of flaming (1)]
  3642 | Temple   | Killed Pikel
  3642 | Temple   | Reached skill level 8 in Axes
  3642 | Temple   | Reached XP level 8. HP: 2/56 MP: 6/11
  4150 | D:5      | Got a twisted shield
  4156 | D:5      | Identified the +2 shield "Sosehifi" {MR+ Str+5 Dex+4} (You found it on level 5 of the Dungeon)
  4391 | D:5      | Reached skill level 9 in Axes
  4396 | D:5      | Found a blossoming altar of Fedhas.
  5047 | D:5      | Got a silken robe
  5058 | D:5      | Identified the cursed +1 robe of the Sparrow {rElec Int+3 Slay-3} (You found it on level 5 of the Dungeon)
  5630 | D:6      | Reached skill level 10 in Axes
  5655 | D:6      | Reached skill level 1 in Armour
  5655 | D:6      | Reached skill level 1 in Dodging
  5674 | D:6      | Reached * piety under Dithmenos
  5757 | D:6      | Found a shadowy altar of Dithmenos.
  6466 | D:7      | Identified 2 scrolls of acquirement
  6908 | D:8      | Gained mutation: You have a pair of small horns on your head. [demonic ancestry]
  6908 | D:8      | Reached XP level 9. HP: 36/62 MP: 12/12
  7552 | D:8      | Paralysed by a hornet for 2 turns
  7555 | D:8      | Gained mutation: Your mind is acute. (Int +2) [potion of mutation]
  7555 | D:8      | Gained mutation: Your mind is very acute. (Int +4) [potion of mutation]
  7555 | D:8      | Gained mutation: You tend to lose your temper in combat. [potion of mutation]
  7555 | D:8      | Mangled by a hornet

Skill      XL: |  1  2  3  4  5  6  7  8  9 |
---------------+----------------------------+-----
Axes           | 2 3 4 5 7 8 10 | 10.4
Armour         | 1 2 |  2.0
Dodging        | 1 2 |  2.0
Fighting       | 3 |  3.0
Spellcasting   | |  2.0
Charms         | |  2.6

Action                   |  1- 3 |  4- 6 |  7- 9 || total
-------------------------+-------+-------+-------++-------
Melee: Hand axe          |   127 |   169 |   362 ||   658
       Kick              |       |       |   111 ||   111
       Battleaxe         |       |       |    16 ||    16
       Headbutt          |       |       |     3 ||     3
 Cast: Infusion          |    25 |    21 |     5 ||    51
  Use: Scroll            |     3 |     3 |    14 ||    20
       Potion            |     1 |     2 |     8 ||    11
  Eat: Chunk             |     3 |     6 |     9 ||    18
       Meat ration       |       |       |     1 ||     1
Armor: Leather armour    |    46 |    30 |       ||    76
       Animal skin       |       |    25 |    23 ||    48
       Ring mail         |       |       |    78 ||    78
       Robe              |       |       |     5 ||     5
Dodge: Dodged            |    82 |    84 |   115 ||   281
Block: Shield            |       |       |    88 ||    88
